 Dungeon Crawl Stone Soup version 0.28-a0-664-gc179e30c89 (webtiles) character file.

Game seed: 10343741937643042920

81 bande the Skirmisher (level 4, 0/29 HPs)
             Began as a Gargoyle Fighter on Oct 17, 2021.
             Slain by a kobold brigand (4 damage)
             ... on level 3 of the Dungeon.
             The game lasted 00:02:17 (1628 turns).

bande the Skirmisher (Gargoyle Fighter)             Turns: 1628, Time: 00:02:17

Health: 0/29       AC: 11    Str: 20    XL:     4   Next: 42%
Magic:  4/4        EV:  9    Int:  9    God:
Gold:   59         SH:  4    Dex:  9    Spells: 3/3 levels left

rFire   . . .      SeeInvis .   a - +0 war axe
rCold   . . .      Faith    .   c - +0 buckler
rNeg    + . .      Spirit   .   b - +0 scale mail
rPois   ∞          Reflect  .   g - +0 helmet
rElec   +          Harm     .   (no cloak)
rCorr   .          Rampage  .   (no gloves)
Will    .....                   (no boots)
Stlth   ..........              (no amulet)
HPRegen 0.09/turn               (no ring)
MPRegen 0.09/turn               (no ring)

@: mighty
A: sickness immunity, AC +3, negative energy resistance 1, electricity
resistance, torment resistance 1, petrification resistance
a: no special abilities


You were on level 3 of the Dungeon.
You visited 1 branch of the dungeon, and saw 3 of its levels.

You collected 59 gold pieces.

Inventory:

Hand Weapons
 a - a +0 war axe (weapon)
 l - a +0 broad axe
Armour
 b - a +0 scale mail (worn)
 c - a +0 buckler (worn)
 g - a +0 helmet (worn)
Jewellery
 h - a ring of magical power
 i - a ring of ice
Scrolls
 e - 2 scrolls of identify
Potions
 j - a potion of haste


   Skills:
 + Level 4.1 Fighting
 + Level 2.4 Axes
 + Level 4.1 Armour
 + Level 3.8 Shields


You had 3 spell levels left.
You didn't know any spells.
Your spell library was empty.

Dungeon Overview and Level Annotations

Branches:
Dungeon (2/15)

Altars:
Nemelex Xobeh


Innate Abilities, Weirdness & Mutations

You are immune to sickness and miasma.
Your stone body is resilient. (AC +3)
You are immune to poison.
You resist negative energy. (rN+)
You are resistant to electric shocks. (rElec)
You are resistant to unholy torment.
You are immune to petrification.


Message History

The kobold brigand hits you with a +1 dagger of protection.
* * * LOW HITPOINT WARNING * * *
The kobold hits you but does no damage. The kobold misses you.
You block the kobold brigand's attack.
The kobold brigand hits you with a +0 club.
* * * LOW HITPOINT WARNING * * *
The kobold hits you but does no damage. You block the kobold's attack.
The kobold hits you but does no damage.
You feel very mighty all of a sudden.
A frilled lizard comes into view.
An orc wizard comes into view. It is wielding a +0 dagger.
The kobold brigand hits you but does no damage.
The kobold brigand closely misses you. The kobold hits you but does no damage.
The kobold closely misses you. The kobold hits you.
* * * LOW HITPOINT WARNING * * *
You barely miss the kobold brigand.
The kobold brigand is lightly wounded.
You barely miss the kobold.
The frilled lizard hisses angrily.
You slash the kobold brigand! You slash the kobold!
You kill the kobold!
You slash the kobold!
You kill the kobold!
The kobold throws a stone.
The stone completely misses you.
The orc wizard gestures wildly while chanting.
The orc wizard flickers and vanishes!
Deactivating autopickup; reactivate with Ctrl-A.
The kobold brigand closely misses you.
The kobold brigand hits you with a +1 dagger of protection.
* * * LOW HITPOINT WARNING * * *
The kobold hits you but does no damage.
You barely miss the kobold brigand.
The kobold brigand is lightly wounded.
You barely miss the kobold.
You hit the kobold brigand but do no damage.
You closely miss the kobold.
You hear the slow rusting of a very distant drain.
You block the kobold brigand's attack.
The kobold brigand hits you with a +0 club.
You die...

##''##
#....#
#.l..#
##....##
#......#
+......+
#..K)..#
#K@K.#
#..K.#
#....#
######


You could see 2 kobold brigands, 2 kobolds and a frilled lizard.

Vanquished Creatures
  Jessica (D:3)
  Robin (D:1)
  A worm (D:3)
  A dart slug (D:3)
  A ball python (D:1)
  An endoplasm (D:1)
  2 giant cockroaches (D:1)
  12 goblins
  3 hobgoblins
  A quokka (D:1)
  3 bats (D:1)
  4 frilled lizards
  5 kobolds
  2 rats (D:1)
38 creatures vanquished.

Notes
Turn   | Place    | Note
-------+----------+-------------------------------------------
     0 | D:1      | bande the Gargoyle Fighter began the quest for the Orb.
     0 | D:1      | Reached XP level 1. HP: 14/14 MP: 1/1
   172 | D:1      | Found a sparkling altar of Nemelex Xobeh.
   264 | D:1      | Reached XP level 2. HP: 16/19 MP: 2/2
   453 | D:1      | Found a faded altar of an unknown god.
   884 | D:2      | Noticed Robin
   936 | D:1      | Reached XP level 3. HP: 10/23 MP: 3/3
  1223 | D:1      | Killed Robin
  1587 | D:2      | You fall into a shaft and drop 1 floor!
  1587 | D:3      | Noticed Jessica
  1592 | D:3      | Killed Jessica
  1593 | D:3      | Reached XP level 4. HP: 25/29 MP: 4/4
  1621 | D:3      | Noticed a kobold brigand
  1621 | D:3      | Noticed a kobold brigand
  1628 | D:3      | Slain by a kobold brigand

Illustrated notes

Levels and vault maps discovered:
D:1:      dpeg_arrival_three_bigger_balls, layout_basic,
          ebering_ecumenical_altar_rust, minmay_hexomino_r4
D:2:      layout_loops_cross, uniq_robin, uniq_sigmund
D:3:      minmay_goblin_kobold_castle, layout_basic,
          nicolae_wu_jian_wuxing_cycle, riverfiend_overflow_shadow_ancestor,
          portal_sewer_entry_e, minmay_goblin_kobold_house, uniq_jessica,
          uniq_terence

Skill      XL: |  1  2  3 |
---------------+----------+-----
Axes           | 2 |  2.4
Fighting       | 4 |  4.1
Armour         | 4 |  4.1
Shields        | |  3.8

Action                   |  1- 3 |  4- 6 || total
-------------------------+-------+-------++-------
Melee: War axe           |    86 |    21 ||   107
  Use: Scroll            |     3 |     1 ||     4
       Potion            |       |     1 ||     1
Armor: Scale mail        |    73 |    22 ||    95
Dodge: Dodged            |    52 |    13 ||    65
Block: Buckler           |    25 |    11 ||    36

Table legend: (Time is in decaauts)
 A = Elapsed time spent in this place.
 B = Non-inter-level travel time spent in this place.
 C = Inter-level travel time spent in this place.
 D = Time resting spent in this place.
 E = Time spent auto-exploring this place.
 F = Levels seen in this place.
 G = Mean time per level.
                   A        B        C        D        E       F      G
               +--------+--------+--------+--------+--------+-----+--------+
         Total |   1674 |   1651 |     23 |    520 |    810 |   3 |  558.0 |
       Dungeon |   1674 |   1651 |     23 |    520 |    810 |   3 |  558.0 |
               +--------+--------+--------+--------+--------+-----+--------+

Top non-repeatable levels by time:
     D:1: 1468 daAuts
     D:2: 156 daAuts
     D:3: 49 daAuts
